 Dungeon Crawl Stone Soup version 0.31-a0-1591-g515db51633 (webtiles) character file.

Game seed: 4226572528583833422

154 bmb222 the Trooper (level 5, -8/42 HPs)
             Began as a Demonspawn Fighter on Jan 6, 2024.
             Mangled by an ogre
             ... wielding a +0 giant club
              (17 damage)
             ... on level 4 of the Dungeon.
             The game lasted 00:02:52 (2359 turns).

bmb222 the Trooper (Demonspawn Fighter)             Turns: 2359, Time: 00:02:53

Health: -8/42      AC:  9    Str: 19    XL:     5   Next: 13%
Magic:  5/5        EV:  9    Int:  8    God:
Gold:   171        SH:  8    Dex: 12    Spells: 4/4 levels left

rFire   . . .        a - +0 war axe
rCold   . . .        c - +0 buckler
rNeg    . . .        b - +0 scale mail
rPois   .            w - +0 helmet
rElec   .            (no cloak)
rCorr   .            x - +0 pair of gloves
SInv    .            (no boots)
Will    .....        (no amulet) Stlth
                     (no ring)
HPRegen 0.27/turn    (no ring)
MPRegen 0.09/turn

%: no passive effects
@: mighty
A: hooves 2, condensation shield
a: no special abilities


You were on level 4 of the Dungeon.
You visited 1 branch of the dungeon, and saw 4 of its levels.

You collected 171 gold pieces.

Inventory:

Hand Weapons
 a - a +0 war axe (weapon)
Missiles
 q - 3 throwing nets
Armour
 b - a +0 scale mail (worn)
 c - a +0 buckler (worn)
 u - +0 gold dragon scales
 w - a +0 helmet (worn)
 x - a +0 pair of gloves (worn)
Jewellery
 r - an amulet of magic regeneration
 v - a ring of positive energy
Scrolls
 e - 4 scrolls of identify
 f - a scroll of amnesia
 g - a scroll of summoning {unknown}
 j - a scroll of acquirement {unknown}
 k - a scroll of enchant armour {unknown}
 l - a scroll of teleportation {unknown}
 s - a scroll of blinking {unknown}
 t - 2 scrolls of revelation {unknown}
 y - a scroll of immolation {unknown}
Potions
 d - a potion of might
 h - a potion of ambrosia {unknown}
 i - 2 potions of heal wounds {unknown}
 m - 2 potions of attraction {unknown}
 n - a potion of mutation {unknown}
 o - a potion of enlightenment {unknown}
 p - a potion of lignification {unknown}


   Skills:
 + Level 3.9 Fighting
 * Level 2.9 Axes
 * Level 3.5 Armour
 + Level 3.5 Shields


You had 4 spell levels left.
You didn't know any spells.
Your spell library was empty.

Dungeon Overview and Level Annotations

Branches:
Dungeon (4/15)
 Temple: D:4-7

Altars:
Yredelemnul


Innate Abilities, Weirdness & Mutations

You have hoof-like feet.
A meltable shield of frost defends you. (SH +4)


Message History

r - Retreat! s - Stop attacking. g - Guard the area. f - Follow me.
Anything else - Cancel.
Gang up on whom?
Press: ? - help, Dir - move target, f - gnoll, p - gnoll
Aim: a gnoll, wielding a +0 club Attack!
The ogre is no longer charmed.
A gnoll comes into view. It is wielding a +0 whip.
The gnoll shouts!
You hit the ogre but do no damage. You block the ogre's attack.
You barely miss the ogre. You kick the ogre.
The ogre is moderately wounded.
The ogre hits you with a +0 giant club!
You barely miss the ogre.
The ogre is moderately wounded.
The ogre hits you with a +0 giant club!!
You closely miss the ogre.
The ogre is moderately wounded.
A scorpion comes into view.
The ogre hits you with a +0 giant club!
* * * LOW HITPOINT WARNING * * *
You hit the ogre but do no damage. You kick the ogre, but do no damage.
The ogre is moderately wounded.
You block the ogre's attack.
Unknown command.
As you read the scroll labelled ZAMIUPL FACUUFUG, it crumbles to dust.
It is a scroll of identify.
f - a scroll of amnesia Unknown command.
You feel very mighty all of a sudden. The ogre barely misses you.
You slash the ogre! You kick the ogre.
The ogre is almost dead.
The ogre hits you but does no damage.
Unknown command.
You barely miss the ogre.
The ogre is almost dead.
The ogre hits you with a +0 giant club!
You die...

#.# #... ### #g# #..#
... #####.####..# #.#
#............ ##.#
#.#..######.# ... #..#
#.# #.# #..# #.#
#.##.##.######..######..
#......@Oggggs.......##.
......########..###... .
####. #..# # . # #....
#.#### #(# #.# #..


You could see an ogre, a scorpion and 4 gnolls.

Vanquished Creatures
  2 adders
  7 gnolls (D:2)
  2 ribbon worms
  An orc (D:3)
  5 bats
  7 endoplasms
  A giant cockroach (D:3)
  4 goblins
  8 hobgoblins
  A jackal (D:1)
  3 quokkas
  9 ball pythons
  A frilled lizard (D:1)
  4 kobolds
  8 rats
63 creatures vanquished.

Notes
Turn   | Place    | Note
-------+----------+-------------------------------------------
     0 | D:1      | bmb222 the Demonspawn Fighter began the quest for the Orb.
     0 | D:1      | Reached XP level 1. HP: 18/18 MP: 1/1
    93 | D:1      | Gained mutation: You have large cloven feet. [demonic
                  | ancestry]
    93 | D:1      | Reached XP level 2. HP: 24/24 MP: 2/2
   755 | D:2      | Reached XP level 3. HP: 29/29 MP: 3/3
   914 | D:2      | Gained mutation: A meltable shield of frost defends you.
                  | (SH +4) [demonic ancestry]
   914 | D:2      | Reached XP level 4. HP: 27/35 MP: 4/4
  1777 | D:3      | Gained mutation: You have hoof-like feet. [demonic
                  | ancestry]
  1777 | D:3      | Reached XP level 5. HP: 39/41 MP: 5/5
  1816 | D:3      | Found a basalt altar of Yredelemnul.
  2321 | D:4      | Noticed an ogre
  2359 | D:4      | Mangled by an ogre

Illustrated notes

Levels and vault maps discovered:
D:1:      mainiacjoe_arrival_oval_in_oval, layout_basic,
          hangedman_feature_mirror, minmay_misc_feat_roman, hex_medium,
          minmay_octomino_j4
D:2:      layout_basic
D:3:      layout_basic, lemuel_doored_altar, amcnicky_mini_corridor_feature,
          serial_bayou_pond_d
D:4:      layout_loops_ring

Skill      XL: |  1  2 |
---------------+-------+-----
Axes           | 2 |  2.9
Shields        | 3 |  3.5
Armour         | 3 |  3.5
Fighting       | |  3.9

Action                     |  1- 3 |  4- 6 || total
---------------------------+-------+-------++-------
  Melee: War axe           |    72 |    83 ||   155
         Kick              |    17 |    22 ||    39
  Evoke: Wand              |       |     2 ||     2
    Use: Scroll            |       |     1 ||     1
         Potion            |       |     1 ||     1
 Armour: Scale mail        |    49 |    40 ||    89
  Dodge: Dodged            |    29 |    23 ||    52
  Block: Buckler           |    15 |    34 ||    49

Table legend: (Time is in decaauts)
 A = Elapsed time spent in this place.
 B = Non-inter-level travel time spent in this place.
 C = Inter-level travel time spent in this place.
 D = Time resting spent in this place.
 E = Time spent auto-exploring this place.
 F = Levels seen in this place.
 G = Mean time per level.
                   A        B        C        D        E       F      G
               +--------+--------+--------+--------+--------+-----+--------+
         Total |   2421 |   2343 |     78 |     55 |   1791 |   4 |  605.2 |
       Dungeon |   2421 |   2343 |     78 |     55 |   1791 |   4 |  605.2 |
               +--------+--------+--------+--------+--------+-----+--------+

Top non-repeatable levels by time:
     D:2: 876 daAuts
     D:3: 751 daAuts
     D:1: 723 daAuts
     D:4: 71 daAuts
